 Dungeon Crawl Stone Soup version bcrawl-1.37.2 (webtiles) character file.

Game seed: 8184925070040052275

146447 Leeroy the Slasher (level 3, 0/27 HPs)
             Began as a Vampire Skald on Feb 2, 2023.
             Slain by a jackal (1 damage)
             ... on level 2 of the Dungeon.
             The game lasted 00:01:03 (804 turns).

Leeroy the Slasher (Vampire Skald)                   Turns: 804, Time: 00:01:03

Health: 0/27       AC:  3    Str: 14    XL:     3   Next: 37%
Magic:  6/6        EV: 12    Int: 13    God:
Gold:   71         SH:  1    Dex: 13    Spells: 5/6 levels left

rFire    . . .     GDR:     26% a - +0 long sword
rCold    . . .     SeeInvis +   (no shield)
rNeg     + . .     Gourm    .   b - +0 leather armour
rPois    .         Faith    .   (no helmet)
rElec    .         Spirit   .   (no cloak)
rCorr    .         Reflect  .   (no gloves)
MR       .....                  (no boots)
Stlth    ++........             d - amulet of magic regeneration
HPRegen  0.14/turn              (no ring)
MPRegen  0.18/turn              (no ring)

@: no status effects
A: claws 1, fangs 3, see invisible, unbreathing
a: no special abilities


You were on level 2 of the Dungeon.
You were not thirsty.

You visited 1 branch of the dungeon, and saw 2 of its levels.

You collected 71 gold pieces.

Inventory:

Hand Weapons
 a - a +0 long sword (weapon)
Missiles
 c - a throwing net {=f}
Armour
 b - a +0 leather armour (worn)
Jewellery
 d - an amulet of magic regeneration (around neck)
Scrolls
 e - a scroll of fear
 f - a scroll of teleportation {unknown}
 i - a scroll of identify
Potions
 q - a potion of blood


   Skills:
 - Level 1.7 Fighting
 + Level 4.7 Long Blades
 - Level 0.8 Armour
 - Level 2.1 Dodging
 - Level 2.0 Spellcasting
 - Level 3.2 Charms


You had 5 spell levels left.
You knew the following spells:

 Your Spells              Type           Power        Failure   Level  Hunger
a - Infusion              Chrm           #.......     9%          1    None

Your spell library contained the following spells:

 Spells                   Type           Power        Failure   Level  Hunger
 Song of Slaying          Chrm           #.......     12%         2    ##.....
 Swiftness                Chrm/Air       #.......     24%         2    ##.....
 Ozocubu's Armour         Chrm/Ice       #.......     43%         3    ####...
 Regeneration             Chrm/Necr      #.........   43%         3    ####...
 Spectral Weapon          Hex/Chrm       #.......     43%         3    ####...


Dungeon Overview and Level Annotations

Branches:
Dungeon (2/12)

Altars:


Innate Abilities, Weirdness & Mutations

You have sharp fingernails.
You have razor-sharp teeth.
You have supernaturally acute eyesight. (SInv)
You can survive without breathing.


Message History

The jackal bites you but does no damage.
The jackal bites you.
* * * LOW HITPOINT WARNING * * *
The jackal closely misses you.
You barely miss the jackal.
The jackal is severely wounded.
The jackal barely misses you. The jackal bites you.
* * * LOW HITPOINT WARNING * * *
The jackal bites you.
* * * LOW HITPOINT WARNING * * *
The jackal bites you.
* * * LOW HITPOINT WARNING * * *
The jackal bites you but does no damage.
You slash the jackal!
You kill the jackal!
The jackal bites you but does no damage.
The jackal bites you.
* * * LOW HITPOINT WARNING * * *
The jackal bites you.
You die...

## ## #. .. .
.# .###.#
###...###
#..hh...#
#.#@†.#.#
#......[#
#......?###..
#.%..........
#.#...#.####
#.......#
####.##<#
...##.#
###....#


You could see 2 jackals.

Vanquished Creatures
  An ooze (D:1)
  A dart slug (D:1)
  3 leopard geckos (D:1)
  A ball python (D:1)
  2 bats (D:1)
  2 giant cockroaches (D:1)
  A goblin (D:1)
  3 hobgoblins (D:1)
  2 jackals (D:2)
  8 kobolds (D:1)
  A frilled lizard (D:2)
  8 rats (D:1)
33 creatures vanquished.

Vanquished Creatures (others)
  An adder (D:2)
1 creature vanquished.

Grand Total: 34 creatures vanquished

Notes
Turn   | Place    | Note
-------+----------+-------------------------------------------
     0 | D:1      | Leeroy the Vampire Skald began the quest for the Orb.
     0 | D:1      | Reached XP level 1. HP: 16/16 MP: 3/3
    52 | D:1      | Reached skill level 3 in Long Blades
    80 | D:1      | Reached XP level 2. HP: 22/22 MP: 5/5
   298 | D:1      | Reached skill level 4 in Long Blades
   436 | D:1      | Reached XP level 3. HP: 25/27 MP: 6/6
   804 | D:2      | HP: 1/27 [jackal (2)]
   804 | D:2      | Slain by a jackal

Skill      XL: |  1  2 |
---------------+-------+-----
Long Blades    | 3 4 |  4.7
Fighting       | |  1.7
Armour         | |  0.8
Dodging        | |  2.1
Spellcasting   | |  2.0
Charms         | |  3.2

Action                   || total
-------------------------++-------
Melee: Long sword        ||    96
       Bite              ||     8
 Stab: Sleeping          ||     7
  Eat: Corpse            ||     4
Armor: Leather armour    ||    26
Dodge: Dodged            ||    96
Block: Other             ||     1
